 Dungeon Crawl Stone Soup version 0.31-a0-986-g5e6e4ef867 (webtiles) character file.

Game seed: 5062475232040307424

37 hikkokomori the Conjurer (level 3, 0/28 HPs)
             Began as a Demonspawn Reaver on Nov 4, 2023.
             Slain by a jackal (1 damage)
             ... on level 2 of the Dungeon.
             The game lasted 00:01:05 (698 turns).

hikkokomori the Conjurer (Demonspawn Reaver)         Turns: 698, Time: 00:01:06

Health: 0/28       AC:  3    Str: 14    XL:     3   Next: 21%
Magic:  6/6        EV: 11    Int: 14    God:
Gold:   37         SH:  0    Dex: 11    Spells: 5/6 levels left

rFire   . . .        a - +0 hand axe
rCold   . . .        l - orb {light}
rNeg    . . .        b - +0 leather armour
rPois   .            (no helmet)
rElec   .            (no cloak)
rCorr   .            (no gloves)
SInv    .            (no boots)
Will    .....        (no amulet)
Stlth   +            (no ring)
HPRegen 0.24/turn    (no ring)
MPRegen 0.10/turn

%: no passive effects
@: glowing
A: demonic magic 1, demonic touch 1
a: no special abilities


You were on level 2 of the Dungeon.
You visited 1 branch of the dungeon, and saw 2 of its levels.

You collected 37 gold pieces.

Inventory:

Hand Weapons
 a - a +0 hand axe (weapon)
Armour
 b - a +0 leather armour (worn)
 l - an orb of light (worn)
Scrolls
 i - 3 scrolls of identify {unknown}
 j - a scroll of teleportation {unknown}
 k - a scroll of blinking {unknown}
Potions
 c - a potion of mutation {unknown}
 d - 2 potions of heal wounds {unknown}
 e - a potion of lignification {unknown}
 f - a potion of degeneration {unknown}
 g - a potion of haste {unknown}
 h - 2 potions of curing {unknown}
 m - a potion of enlightenment {unknown}
 n - a potion of attraction {unknown}


   Skills:
 + Level 2.4 Fighting
 + Level 3.0 Axes
 - Level 1.7 Dodging
 + Level 1.0 Stealth
 + Level 2.3 Spellcasting
 + Level 3.3 Conjurations


You had 5 spell levels left.
You knew the following spells:

 Your Spells              Type           Power      Damage    Failure   Level
a - Kiss of Death         Conj/Necr      24%        2d7       16%         1

Your spell library contained the following spells:

 Spells                   Type           Power      Damage    Failure   Level
 Momentum Strike          Conj/Tloc      12%        3d8       22%         2
 Hailstorm                Conj/Ice       6%         3d4       41%         3


Dungeon Overview and Level Annotations

Branches:
Dungeon (2/15)

Altars:


Innate Abilities, Weirdness & Mutations

Spells you cast may paralyse adjacent enemies.
Your touch may inflict minor irresistible damage on your foes.


Message History

You closely miss the frilled lizard. You hit the jackal.
You kill the jackal!
The frilled lizard bites you but does no damage.
Unknown command.
You barely miss the frilled lizard. The frilled lizard bites you.
You hit the frilled lizard.
You kill the frilled lizard!
The jackal misses you.
Unknown command.
You closely miss the jackal. The jackal closely misses you.
You barely miss the jackal. The jackal bites you.
* * * LOW HITPOINT WARNING * * *
The jackal bites you but does no damage.
You hit the jackal but do no damage. The jackal bites you.
* * * LOW HITPOINT WARNING * * *
The jackal bites you but does no damage.
You hit the jackal but do no damage. The jackal closely misses you.
The jackal bites you.
* * * LOW HITPOINT WARNING * * *
You hit the jackal.
The jackal is lightly wounded.
The jackal completely misses you.
You closely miss the jackal.
The jackal is lightly wounded.
The jackal bites you.
* * * LOW HITPOINT WARNING * * *
The jackal barely misses you.
Unknown command.
You hit the jackal but do no damage.
The jackal is lightly wounded.
The jackal bites you.
* * * LOW HITPOINT WARNING * * *
The jackal attacks as it pursues you! The jackal barely misses you. x2
You hit the jackal.
The jackal is almost dead.
The jackal bites you but does no damage.
You hit the jackal but do no damage.
The jackal is almost dead.
The jackal bites you.
You die...

################
...#.....#.....##
#..............##
#...............#
#...............#
#...............## ###
##...............†##....#
.#..............@h†>....#
...)............>##...>.#
.........^......## .....
................... ...#
...#...####.####### ..#
...###.# #... .# ...#
#... ##### # ...# ####.
..##


You could see a jackal.

Vanquished Creatures
  A gnoll (D:1)
  2 ball pythons (D:1)
  2 bats (D:2)
  2 endoplasms (D:1)
  6 goblins
  3 hobgoblins
  3 jackals (D:2)
  2 kobolds (D:1)
  A frilled lizard (D:2)
  A rat (D:1)
23 creatures vanquished.

Notes
Turn   | Place    | Note
-------+----------+-------------------------------------------
     0 | D:1      | hikkokomori the Demonspawn Reaver began the quest for the
                  | Orb.
     0 | D:1      | Reached XP level 1. HP: 16/16 MP: 3/3
   173 | D:1      | Gained mutation: Your touch may inflict minor irresistible
                  | damage on your foes. [demonic ancestry]
   173 | D:1      | Reached XP level 2. HP: 19/22 MP: 5/5
   229 | D:1      | Found a faded altar of an unknown god.
   635 | D:2      | Gained mutation: Spells you cast may paralyse adjacent
                  | enemies. [demonic ancestry]
   635 | D:2      | Reached XP level 3. HP: 27/28 MP: 6/6
   646 | D:2      | Reached skill level 1 in Stealth
   695 | D:2      | HP: 1/28 [jackal (2)]
   698 | D:2      | Slain by a jackal

Illustrated notes

Levels and vault maps discovered:
D:1:      saegor_arrival_miasma, layout_basic,
          ebering_ecumenical_altar_sacrificial
D:2:      layout_rooms, st_stairs_5

Skill      XL: |  1  2  3 |
---------------+----------+-----
Axes           | 3 |  3.0
Stealth        | 1 |  1.0
Fighting       | |  2.4
Dodging        | |  1.7
Spellcasting   | |  2.3
Conjurations   | |  3.3

Action                     || total
---------------------------++-------
  Melee: Hand axe          ||    83
         Punch             ||     1
         Touch             ||     2
 Armour: Leather armour    ||    67
  Dodge: Dodged            ||    42

Table legend: (Time is in decaauts)
 A = Elapsed time spent in this place.
 B = Non-inter-level travel time spent in this place.
 C = Inter-level travel time spent in this place.
 D = Time resting spent in this place.
 E = Time spent auto-exploring this place.
 F = Levels seen in this place.
 G = Mean time per level.
                   A        B        C        D        E       F      G
               +--------+--------+--------+--------+--------+-----+--------+
         Total |    711 |    621 |     90 |      0 |    457 |   2 |  355.5 |
       Dungeon |    711 |    621 |     90 |      0 |    457 |   2 |  355.5 |
               +--------+--------+--------+--------+--------+-----+--------+

Top non-repeatable levels by time:
     D:1: 636 daAuts
     D:2: 75 daAuts
